 Dungeon Crawl Stone Soup version 0.28.0 (webtiles) character file.

Game seed: 3107256890981786334

136 eskoe the Chopper (level 4, 0/41 HPs)
             Began as a Minotaur Berserker on Feb 11, 2022.
             Was a Believer of Trog.
             Slain by Sigmund (6 damage)
             ... on level 2 of the Dungeon.
             The game lasted 00:06:36 (1755 turns).

eskoe the Chopper (Minotaur Berserker)              Turns: 1755, Time: 00:06:37

Health: 0/41       AC:  5    Str: 24    XL:     4   Next: 98%
Magic:  3/3        EV: 12    Int:  4    God:    Trog [**....]
Gold:   46         SH:  0    Dex:  9    Spells: 3/3 levels left

rFire   . . .      SeeInvis .   a - +0 hand axe
rCold   . . .      Faith    .   (no shield)
rNeg    . . .      Spirit   .   h - +0 leather armour
rPois   .          Reflect  .   (helmet restricted)
rElec   .          Harm     .   i - +1 cloak
rCorr   .          Rampage  .   (no gloves)
Will    .....                   (no boots)
Stlth   +.........              (no amulet)
HPRegen 0.13/turn               (no ring)
MPRegen 0.08/turn               (no ring)

@: no status effects
A: horns 2, retaliatory headbutt
a: Renounce Religion, Berserk, Trog's Hand


You were on level 2 of the Dungeon.
You worshipped Trog.
Trog was pleased with you.
You visited 1 branch of the dungeon, and saw 2 of its levels.

You collected 46 gold pieces.

Inventory:

Hand Weapons
 a - a +0 hand axe (weapon)
Armour
 b - a +0 animal skin
 h - a +0 leather armour (worn)
 i - a +1 cloak (worn)
Jewellery
 k - a ring of protection from fire
Scrolls
 e - a scroll of enchant weapon {unknown}
 j - a scroll of vulnerability {unknown}
Potions
 c - a potion of attraction {unknown}
 d - a potion of curing {unknown}
 f - a potion of berserk rage {unknown}
 g - 2 potions of lignification {unknown}


   Skills:
 + Level 4.5 Fighting
 + Level 5.2 Axes
 + Level 3.1 Armour
 + Level 3.0 Dodging
 + Level 0.9 Stealth


You had 3 spell levels left.
You didn't know any spells.
Your spell library was empty.

Dungeon Overview and Level Annotations

Branches:
Dungeon (2/15)

Altars:

Annotations:
D:2 Sigmund


Innate Abilities, Weirdness & Mutations

You have a pair of horns on your head.
You reflexively headbutt those who attack you in melee.


Message History

Trog accepts your kill.
You feel sick.
You are no longer poisoned.
Something hits you but does no damage.
You see here a hobgoblin corpse.
Something hits you but does no damage.
You hit something but do no damage. Your headbutt misses something.
Something hits you but does no damage.
You closely miss something. Your punch misses something. You slash something!
You hear some strange, mumbled words.
You are confused.
You're too confused to move!
You hear some strange, mumbled words.
A puff of flame appears from out of thin air!
The puff of flame hits you. Something hits you. Something hits you.
You closely miss something.
Sigmund appears from thin air!
Reactivating autopickup.
Sigmund points at you and mumbles some strange words.
The puff of flame hits you!
* * * LOW HITPOINT WARNING * * *
You miss Sigmund. Your headbutt misses Sigmund.
Sigmund is moderately wounded.
Sigmund looks at you with fury. Sigmund casts a spell at you.
You resist with some effort.
You feel less confused. Sigmund hits you with a +0 scythe.
* * * LOW HITPOINT WARNING * * *
You see here a hobgoblin corpse.
Sigmund casts a spell.
Sigmund flickers and vanishes!
Deactivating autopickup; reactivate with Ctrl-A.
You slash something! Your headbutt misses something. Something hits you.
* * * LOW HITPOINT WARNING * * *
You closely miss something. Your headbutt misses something. You hit something.
Your headbutt misses something. Something hits you.
You die...

...##
.......♣.....♣........###
.## #.......♣.♣.....###### #
....#.......#..#
#.........#..### .
##......†.#....# .(
###....:.....##.## . ...
#................## .
....#......†)..#..#...## .
....<.....{@##.##.##...#
............##.##..#.#.##
S........#.###.###.#.#..###
....#..###...#..##.#..#...##
......# ♣P♣♣##.##.##.......
....## .... #.##.####...#.
.... ...♣.#.##.####<.... ..
P.P♣♣.............## .
♣.♣♣♣#.#.#.####...#


There were no monsters in sight!

Vanquished Creatures
  Natasha (twice) (D:2)
  Robin (D:2)
  2 adders (D:2)
  2 worms (D:2)
  A dart slug (D:1)
  An orc (D:2)
  2 ball pythons (D:1)
  3 endoplasms
  A giant cockroach (D:2)
  12 goblins
  5 hobgoblins (D:2)
  5 quokkas
  3 bats
  4 frilled lizards
  A kobold (D:2)
  4 rats
49 creatures vanquished.

Vanquished Creatures (others)
  3 plants (D:2)
3 creatures vanquished.

Grand Total: 52 creatures vanquished

Notes
Turn   | Place    | Note
-------+----------+-------------------------------------------
     0 | D:1      | eskoe the Minotaur Berserker began the quest for the Orb.
     0 | D:1      | Reached XP level 1. HP: 19/19 MP: 0/0
   255 | D:1      | Reached skill level 4 in Axes
   255 | D:1      | Reached XP level 2. HP: 27/27 MP: 1/1
   597 | D:1      | Found a faded altar of an unknown god.
  1254 | D:2      | Reached XP level 3. HP: 30/33 MP: 2/2
  1272 | D:2      | Reached ** piety under Trog
  1277 | D:2      | Noticed Robin
  1286 | D:2      | Killed Robin
  1432 | D:2      | Noticed Natasha
  1441 | D:2      | Killed Natasha
  1442 | D:2      | Reached XP level 4. HP: 29/41 MP: 3/3
  1484 | D:2      | Noticed Natasha
  1494 | D:2      | Killed Natasha
  1495 | D:2      | Reached skill level 5 in Axes
  1723 | D:2      | Noticed Sigmund
  1755 | D:2      | Slain by Sigmund

Illustrated notes

Levels and vault maps discovered:
D:1:      lemuel_arrival_hallway, layout_loops_ring,
          ebering_ecumenical_altar_rust, roderic_serpentine_path,
          chequers_serial_rivers_room_a, chequers_serial_rivers_room_a,
          minivault_27, feat_on_display
D:2:      layout_rooms, serial_forest, infiniplex_forest_corner_1,
          infiniplex_forest_end_2, infiniplex_forest_lined_ring,
          infiniplex_forest_corner_1, infiniplex_forest_lined_corner,
          infiniplex_forest_clump_tiny, infiniplex_forest_straight_2,
          nrook_campfire, chequers_mini_garden, uniq_natasha, uniq_robin,
          uniq_sigmund

Skill      XL: |  1  2  3  4 |
---------------+-------------+-----
Axes           | 4 5 |  5.2
Fighting       | 4 |  4.5
Armour         | 3 |  3.1
Dodging        | 3 |  3.0
Stealth        | |  0.9

Action                   |  1- 3 |  4- 6 || total
-------------------------+-------+-------++-------
Melee: Hand axe          |    81 |    34 ||   115
       Headbutt          |    11 |     7 ||    18
       Punch             |     1 |       ||     1
 Stab: Sleeping          |     1 |       ||     1
Armor: Animal skin       |     3 |       ||     3
       Leather armour    |    12 |     6 ||    18
Dodge: Dodged            |    54 |    20 ||    74
